[Event "*** Titled Tuesday Blitz"]
[Site "Chess.com"]
[Date "2019.06.04"]
[Round "2"]
[White "gemarin"]
[Black "Chempiblinka"]
[Result "0-1"]
[WhiteElo "2044"]
[BlackElo "2154"]
[TimeControl "180+2"]
[EndTime "13:22:21 PDT"]
[Termination "Chempiblinka won by resignation"]

1. d4 Nf6 2. c4 c5 3. Nf3 cxd4 4. Nxd4 Nc6 5. Nc2 d5 6. cxd5 Qxd5 7. Bd2 Bf5 8. Nc3 Qd7 9. Ne3 Bg6 10. g3 Rd8 11. Bg2 e6 12. a3 Be7 13. Nc4 O-O 14. Be3 Qc8 15. Qb3 Nd5 16. Nxd5 exd5 17. Nd2 d4 18.
Bf4 d3 19. e4 Nd4 20. Qd1 Nc2+ 21. Kf1 Nxa1 22. Qxa1 Qc2 23. Bf3 Bf6 24. e5 Bxe5 25.
Bxe5 Qxd2 26. Kg2 Rfe8 27. Bc3 Qg5 28. h4 Qb5 29. a4 Qa6 30. Re1 Rxe1 31. Qxe1 Qxa4 32.
Bxb7 Qd7 33. Bf3 d2 34. Qd1 Qd3 35. Ba5 Be4 36. Bxd8 Qxf3+ 37. Qxf3 Bxf3+ 38. Kxf3 d1=Q+ 39. Kg2 Qxd8 0-1

[Event "*** Titled Tuesday Blitz"]
[Site "Chess.com"]
[Date "2019.06.04"]
[Round "2"]
[White "MathiasWomacka"]
[Black "Caisachess"]
[Result "1-0"]
[WhiteElo "2302"]
[BlackElo "2442"]
[TimeControl "180+2"]
[EndTime "13:22:24 PDT"]
[Termination "MathiasWomacka won by resignation"]

1. e4 e5 2. Nf3 Nc6 3. Bb5 f5 4. d3 fxe4 5. dxe4 Nf6 6. O-O Bc5 7. Bxc6 bxc6 8. Nxe5 O-O 9. Nc3 Qe8 10. Nd3 Bd4 11. Qe1 Bxc3 12. Qxc3 Nxe4 13. Qc4+ d5 14. Qa4 Bd7 15. f3 Nd6 16. Nc5 Bf5 17. Bd2 Qg6 18.
Qxc6 Bxc2 19. Qxd5+ Kh8 20. Rae1 Rae8 21. Bc3 Bf5 22. Re5 Nb5 23. Rxe8 Rxe8 24. Be5 Bh3 25. Bg3 c6 26. Qd2 Bf5 27. a4 1-0

[Event "*** Titled Tuesday Blitz"]
[Site "Chess.com"]
[Date "2019.06.04"]
[Round "2"]
[White "jefferyx"]
[Black "Philosopherrr"]
[Result "1-0"]
[WhiteElo "2892"]
[BlackElo "2359"]
[TimeControl "180+2"]
[EndTime "13:22:25 PDT"]
[Termination "jefferyx won by resignation"]

1. d4 Nf6 2. c4 e6 3. Nc3 c5 4.
d5 exd5 5. cxd5 d6 6. Nf3 g6 7. Nd2 Bg7 8. e4 O-O 9. Be2 Re8 10. O-O Nbd7 11. Re1 a6 12. a4 Ne5 13. Nf1 Rb8 14. Ne3 Qc7 15. Bd2 h5 16. h3 Bh6 17. Rc1 Qe7 18.
Qc2 Kh7 19. Rf1 Bf4 20. Nf5 Bxf5 21. Bxf4 Bd7 22. Bg5 Bc8 23. f4 Ned7 24. Rce1 Qd8 25. e5 dxe5 26. Ne4 c4 27. Nxf6+ Nxf6 28. fxe5 Qb6+ 29.
Kh1 Nxd5 30. Rxf7+ Kg8 31. Rf6 Bf5 32. Rxb6 Bxc2 33.
Bxc4 Rbd8 34. Bxd8 Rxd8 35. Rd6 Rxd6 36. exd6 1-0

[Event "*** Titled Tuesday Blitz"]
[Site "Chess.com"]
[Date "2019.06.04"]
[Round "2"]
[White "LawrenceTrent"]
[Black "ChessWeebs"]
[Result "0-1"]
[WhiteElo "2692"]
[BlackElo "2770"]
[TimeControl "180+2"]
[EndTime "13:22:26 PDT"]
[Termination "ChessWeebs won by resignation"]

1. e4 c6 2. Ne2 d5 3. e5 Bf5 4. Nd4 Bg6 5. e6 Nf6 6. Nc3 fxe6 7. Nxe6 Qc8 8. Nxf8 Rxf8 9. d4 Kf7 10. Bd3 Bxd3 11. Qxd3 Nbd7 12. Bf4 Re8 13. O-O e5 14. dxe5 Nxe5 15. Bxe5 Rxe5 16. Rae1 Qe6 17. Rxe5 Qxe5 18. Qd2 Re8 19. h3 d4 20. Nb1 Nd5 21. c3 c5 22.
cxd4 cxd4 23. Na3 Nf4 24. Kh1 Qg5 25. Rg1 Nxh3 26. Qxg5 Nxg5 27. Nb5 Rd8 28. Rd1 d3 29. f3 a6 30. Nc3 Ne6 31. Kg1 Nf4 32. Kf2 h5 33. g3 Ng6 34. Ke3 Ne5 35. Ke4 Re8 36. b3 Ng4+ 37. Kf4 Nf2 38. Rd2 Nh3+ 0-1

[Event "*** Titled Tuesday Blitz"]
[Site "Chess.com"]
[Date "2019.06.04"]
[Round "2"]
[White "tan275"]
[Black "Everyfishknows"]
[Result "0-1"]
[WhiteElo "2187"]
[BlackElo "2250"]
[TimeControl "180+2"]
[EndTime "13:22:27 PDT"]
[Termination "Everyfishknows won on time"]

1. d4 Nf6 2. c4 g6 3. g3 Bg7 4.
Bg2 O-O 5. Nf3 d6 6. Nc3 Nc6 7. h3 e5 8. dxe5 dxe5 9. Qxd8 Rxd8 10. Bg5 h6 11. Bxf6 Bxf6 12. Nd5 Kg7 13. Nxc7 Rb8 14. Nd5 e4 15. Nd2 Bxb2 16. Rb1 Ba3 17. Nxe4 Be6 18.
Nec3 Ne5 19. O-O Nxc4 20. Rfd1 Bf8 21. Rd4 Ne5 22. e4 b6 23. Rdd1 Rbc8 24. Nb5 a6 25.
Nd4 b5 26. Rbc1 Nc4 0-1

[Event "*** Titled Tuesday Blitz"]
[Site "Chess.com"]
[Date "2019.06.04"]
[Round "2"]
[White "Makalexa"]
[Black "dopolian"]
[Result "1-0"]
[WhiteElo "2181"]
[BlackElo "2256"]
[TimeControl "180+2"]
[EndTime "13:22:29 PDT"]
[Termination "Makalexa won by resignation"]

1. e4 d6 2. d4 Nf6 3. Nc3 g6 4.
f3 Bg7 5. Be3 O-O 6. Qd2 c6 7.
h4 h5 8. O-O-O b5 9. Bh6 b4 10. Nce2 Qa5 11. Kb1 Nbd7 12. g4 e5 13. Bxg7 Kxg7 14.
g5 Ne8 15. f4 Nb6 16. Ng3 exf4 17. Qxf4 Be6 18. b3 Rd8 19. Nf3 Bg4 20. Bh3 Bxh3 21.
Rxh3 c5 22. dxc5 Qxc5 23. Nd4 Kh7 24. Ne6 fxe6 25. Qxf8 Rc8 26. Qh6+ Kg8 27. Qxg6+ Ng7 28. Rh2 Qe5 29. Nxh5 Rc7 30. Nf6+ Kf8 31. Rf2 1-0

[Event "*** Titled Tuesday Blitz"]
[Site "Chess.com"]
[Date "2019.06.04"]
[Round "2"]
[White "kintoho"]
[Black "FrenchandSlav"]
[Result "1-0"]
[WhiteElo "2534"]
[BlackElo "2330"]
[TimeControl "180+2"]
[EndTime "13:22:31 PDT"]
[Termination "kintoho won by checkmate"]

1. e4 e6 2. d4 d5 3. exd5 exd5 4. c4 Nf6 5. Nc3 Bb4 6. Bd3 O-O 7. Nf3 Re8+ 8. Be3 Be6 9. cxd5 Nxd5 10. Qc2 h6 11. O-O Nc6 12. Rad1 Bd6 13. a3 Bg4 14. Be4 Nxe3 15.
fxe3 Qe7 16. Rde1 Rad8 17. h3 Bc8 18. Bd3 Bg3 19. Re2 Nb8 20. Ne4 Bd6 21. Nxd6 cxd6 22. e4 Nc6 23. Ref2 Rf8 24. Kh1 Bd7 25. Qd2 Rc8 26.
Qf4 Na5 27. e5 dxe5 28. Nxe5 Be6 29. Qe4 f5 30. Qe2 Qd6 31. Bxf5 Bxf5 32. Rxf5 Rxf5 33.
Rxf5 Qxd4 34. Nf3 Qd6 35. Rxa5 Rc1+ 36. Ne1 b5 37. Rxa7 b4 38. axb4 Qxb4 39. Qe6+ Kh7 40. Qf5+ Kg8 41. Ra8+ Qb8 42. Rxb8+ Rc8 43. Rxc8# 1-0

[Event "*** Titled Tuesday Blitz"]
[Site "Chess.com"]
[Date "2019.06.04"]
[Round "2"]
[White "Zhuu96"]
[Black "xamax2000"]
[Result "0-1"]
[WhiteElo "2942"]
[BlackElo "2656"]
[TimeControl "180+2"]
[EndTime "13:22:33 PDT"]
[Termination "xamax2000 won by checkmate"]

1. e4 e5 2. Nf3 Nc6 3. d4 exd4 4. Nxd4 Bc5 5. Nb3 Bb6 6. Nc3 Nf6 7. Bg5 h6 8. Bh4 d6 9. Qe2 Be6 10. O-O-O Qe7 11. f3 O-O-O 12. Qb5 Kb8 13. Bc4 g5 14. Bxe6 fxe6 15. Bg3 Nh5 16. a4 Nxg3 17. hxg3 a6 18. Qe2 Qf6 19. Qd2 h5 20. Kb1 h4 21. Ne2 Ne5 22.
Qc3 hxg3 23. Nxg3 g4 24. Nd2 gxf3 25. gxf3 Rxh1 26. Rxh1 Qg5 27. Ngf1 Rf8 28. Qb3 Nxf3 29. Qd3 Qg2 30. Rh6 Ne5 31. Qh3 Qe2 32. Ka2 Qd1 33. Kb3 Nc6 34. Qd3 Nd4+ 35. Kc3 e5 36. Rh2 Ba5+ 37.
Kc4 Qa1 38. Qa3 Rxf1 39. Nxf1 Qxf1+ 40. Qd3 Qa1 41. b3 c6 42. Qe3 b5+ 43. axb5 axb5+ 44. Kd3 Qc3# 0-1

[Event "*** Titled Tuesday Blitz"]
[Site "Chess.com"]
[Date "2019.06.04"]
[Round "2"]
[White "FrenchMonster2002"]
[Black "nrvisakh"]
[Result "0-1"]
[WhiteElo "2356"]
[BlackElo "2742"]
[TimeControl "180+2"]
[EndTime "13:22:35 PDT"]
[Termination "nrvisakh won by resignation"]

1. e4 c5 2. Nc3 d6 3. d4 cxd4 4. Qxd4 a6 5. b3 Nc6 6. Qd2 g6 7. Bb2 Bg7 8. O-O-O Nf6 9. f3 O-O 10. h4 h5 11. Nh3 Qa5 12. Kb1 Bxh3 13. Rxh3 Rfc8 14.
Be2 Nd7 15. g4 Nb4 16. a3 Nxc2 17. Kxc2 Bxc3 18. Bxc3 Qxa3 19. Bc4 b5 20. Bxf7+ Kxf7 21. gxh5 b4 22. hxg6+ Ke8 23. g7 Nf6 24. Rg3 Rxc3+ 25. Qxc3 bxc3 26. g8=Q+ Nxg8 27. Rxg8+ Kf7 28. Rxa8 Qb2+ 29.
Kd3 c2 30. Rd2 Qxb3+ 31. Ke2 c1=Q 0-1

[Event "*** Titled Tuesday Blitz"]
[Site "Chess.com"]
[Date "2019.06.04"]
[Round "2"]
[White "Ambitiousresolutions"]
[Black "BillieKimbah"]
[Result "1/2-1/2"]
[WhiteElo "2589"]
[BlackElo "2775"]
[TimeControl "180+2"]
[EndTime "13:22:36 PDT"]
[Termination "Game drawn by repetition"]

1. e4 e5 2. Nf3 Nc6 3. Bc4 Nf6 4. d3 Be7 5. O-O O-O 6. Re1 d6 7. a4 Kh8 8. Nc3 Ng8 9. Nd5 f5 10. h3 fxe4 11. dxe4 Nf6 12. c3 Be6 13. Ng5 Bg8 14. Nf3 Nxd5 15. Bxd5 Qd7 16. a5 a6 17. Bxg8 Rxg8 18. Be3 g5 19. Nh2 Raf8 20. Qh5 Qe6 21. b4 Qc4 22. Bd2 Qf7 23. Qxf7 Rxf7 24. Ng4 Bf8 25. Ne3 Ne7 26. c4 h5 27. f3 Bh6 28.
Nd5 Nxd5 29. cxd5 Kh7 30. Ra3 g4 31. Bxh6 Kxh6 32. hxg4 hxg4 33. Kf2 Kg6 34. Rh1 gxf3 35. gxf3 Rh7 36. Rxh7 Kxh7 37. Rc3 Rg7 38. Rb3 c6 39. dxc6 bxc6 40. Rc3 Rc7 41. Rd3 Rd7 42. Rc3 Rc7 43. Rd3 Rd7 44. Rc3 Rc7 1/2-1/2

[Event "*** Titled Tuesday Blitz"]
[Site "Chess.com"]
[Date "2019.06.04"]
[Round "2"]
[White "GadimbayliA"]
[Black "Oleg_Papayan"]
[Result "1-0"]
[WhiteElo "2848"]
[BlackElo "2545"]
[TimeControl "180+2"]
[EndTime "13:22:36 PDT"]
[Termination "GadimbayliA won by resignation"]

1. e4 c6 2. Nf3 d5 3. exd5 cxd5 4. Ne5 a6 5. d4 Nf6 6. c3 Nbd7 7. Nd2 e6 8. Bd3 Nxe5 9. dxe5 Nd7 10. Nf3 Qc7 11. Bf4 Nc5 12. Bc2 Bd7 13. O-O Be7 14. Re1 a5 15. Nd4 h6 16. Qf3 a4 17. Nf5 exf5 18. e6 Qc6 19. exd7+ Qxd7 20. Bxf5 Qxf5 21. Bd6 Qxf3 22. Rxe7+ Kd8 23. gxf3 Ne6 24. Rd1 Ra6 25. Rxb7 Rh7 26. Rxd5 Kc8 27. Rxf7 Ng5 28. Rc7+ Kd8 29. Bf4+ Ke8 30. Bxg5 hxg5 31. Rxg5 Rah6 32. Ra5 1-0

[Event "*** Titled Tuesday Blitz"]
[Site "Chess.com"]
[Date "2019.06.04"]
[Round "2"]
[White "LuisFSiles"]
[Black "Shant_Sargsyan"]
[Result "0-1"]
[WhiteElo "2169"]
[BlackElo "3030"]
[TimeControl "180+2"]
[EndTime "13:22:36 PDT"]
[Termination "Shant_Sargsyan won by resignation"]

1. e4 c6 2. d4 d5 3. exd5 cxd5 4. c4 Nf6 5. Nc3 Nc6 6. Bg5 Be6 7. Nge2 h6 8. Bxf6 exf6 9. Nf4 Bb4 10. Nxe6 fxe6 11. Qh5+ Kf8 12. O-O-O Bxc3 13. bxc3 Qa5 14. Kb2 dxc4 15.
Qxa5 Nxa5 16. Be2 Rc8 17. Rhe1 Kf7 18. f4 b5 19. a4 a6 20. axb5 axb5 21. Ra1 Nc6 22.
Bf3 Rhd8 23. Ra6 Rd6 24. Rb6 b4 25. Bxc6 bxc3+ 26. Kxc3 Rdxc6 27. Rxc6 Rxc6 28. Rb1 Ra6 29. Rb2 Ra4 30. g4 Ra3+ 31. Kxc4 Rf3 32. Rb7+ Kg6 33. f5+ exf5 34. gxf5+ Rxf5 35. d5 Rf2 36. d6 Rxh2 37.
d7 Rd2 38. Kc5 Kf5 39. Kc6 Ke6 40. d8=Q Rxd8 41. Rxg7 Rh8 42. Kc5 Ke5 43. Re7+ Kf4 44. Kd4 h5 45. Kd3 Kf3 46. Kd2 h4 47. Ke1 h3 0-1

[Event "*** Titled Tuesday Blitz"]
[Site "Chess.com"]
[Date "2019.06.04"]
[Round "2"]
[White "vugarrasulov"]
[Black "volcanoexplorer"]
[Result "0-1"]
[WhiteElo "2764"]
[BlackElo "2596"]
[TimeControl "180+2"]
[EndTime "13:22:37 PDT"]
[Termination "volcanoexplorer won by resignation"]

1. e4 e5 2. Nf3 Nc6 3. Bb5 a6 4. Ba4 Nf6 5. O-O Be7 6. Re1 b5 7. Bb3 O-O 8. c3 d5 9. exd5 Nxd5 10. Nxe5 Nxe5 11. Rxe5 c6 12. d3 Bd6 13. Re1 Bf5 14.
Nd2 Nf4 15. Ne4 Nxd3 16. Bg5 Qd7 17. Nxd6 Qxd6 18. Be7 Qf4 19. Re2 Rfe8 20. g3 Qf3 21. Rd2 Qxd1+ 22. Raxd1 Rxe7 23. Rxd3 Bxd3 24. Rxd3 Kf8 25.
Rd6 Rc8 26. Kg2 Ke8 27. Rd4 Rd8 28. Rh4 h6 29. Rg4 g6 30. Rh4 h5 31. Rf4 Rd2 32. Rf6 Rc7 33. h3 a5 0-1

[Event "*** Titled Tuesday Blitz"]
[Site "Chess.com"]
[Date "2019.06.04"]
[Round "2"]
[White "HanSchut"]
[Black "2165149677570"]
[Result "0-1"]
[WhiteElo "2192"]
[BlackElo "2235"]
[TimeControl "180+2"]
[EndTime "13:22:37 PDT"]
[Termination "2165149677570 won by checkmate"]

1. e4 c5 2. Nf3 d6 3. d4 cxd4 4.
Nxd4 Nf6 5. f3 e5 6. Bb5+ Nbd7 7. Nf5 d5 8. exd5 a6 9. Bxd7+ Bxd7 10. Ne3 b5 11. a4 Bd6 12. axb5 axb5 13. Rxa8 Qxa8 14. O-O O-O 15. Nc3 Rc8 16. Ne4 Nxe4 17. fxe4 Qa4 18.
Qf3 f6 19. c3 b4 20. Nf5 Bc5+ 21. Kh1 bxc3 22. bxc3 Qc4 23. Re1 Ra8 24. h3 Ra1 25. Bd2 Rxe1+ 26. Bxe1 Bb5 27. Qg4 Qf1+ 28. Kh2 Bg1+ 29.
Kh1 Bf2+ 30. Kh2 Qg1# 0-1

[Event "*** Titled Tuesday Blitz"]
[Site "Chess.com"]
[Date "2019.06.04"]
[Round "2"]
[White "Lagmantr"]
[Black "CookiesAndIceCream"]
[Result "1-0"]
[WhiteElo "2566"]
[BlackElo "2397"]
[TimeControl "180+2"]
[EndTime "13:22:38 PDT"]
[Termination "Lagmantr won by resignation"]

1. e4 e6 2. d4 d5 3. Nc3 Nf6 4. e5 Nfd7 5. f4 c5 6. Nf3 Nc6 7. Be3 a6 8. Qd2 b5 9. Qf2 Qb6 10. Bd3 Bb7 11. O-O cxd4 12. Nxd4 Bc5 13. Nce2 b4 14.
Kh1 a5 15. c3 Ba6 16. Bxa6 Rxa6 17. Qg3 O-O 18. f5 Ncxe5 19. Bh6 g6 20. Bxf8 Bxf8 21. fxe6 fxe6 22. Nf4 bxc3 23. bxc3 Qb2 24. Nfxe6 Bd6 25. Nf5 Qa3 26. Rae1 Nc4 27. Nh6+ Kh8 28. Nf7+ Kg8 29. Qh4 Bf8 30. Nh6+ Bxh6 31. Qxh6 Qxc3 32. Qf8+ 1-0

[Event "*** Titled Tuesday Blitz"]
[Site "Chess.com"]
[Date "2019.06.04"]
[Round "2"]
[White "Fighter008"]
[Black "Polish_fighter3000"]
[Result "0-1"]
[WhiteElo "2646"]
[BlackElo "3010"]
[TimeControl "180+2"]
[EndTime "13:22:39 PDT"]
[Termination "Polish_fighter3000 won by resignation"]

1. e4 e6 2. d4 d5 3. Nc3 dxe4 4.
Nxe4 Bd7 5. Nf3 Bc6 6. Bd3 Nd7 7. Qe2 Ngf6 8. Bg5 Be7 9. Nxf6+ Bxf6 10. Be3 O-O 11.
O-O-O Qe7 12. Kb1 e5 13. d5 Bxd5 14. Bxh7+ Kxh7 15. Rxd5 e4 16. Ng5+ Bxg5 17. Bxg5 Qe6 18. Rhd1 Nb6 19. R5d4 Rae8 20. f3 exf3 21. Qxf3 c6 22.
a3 Kg8 23. Rh4 Qe2 24. Rb4 Qxf3 25. gxf3 f6 26. Bc1 Rf7 27. a4 Nd5 28. Rb3 Rd7 29.
Rbd3 Rde7 30. Bd2 Re2 31. c4 Nb6 32. Bc3 Nxa4 33. Rd7 Nxc3+ 34. bxc3 R8e7 35. Rd8+ Kf7 36. R1d4 Rxh2 0-1

[Event "*** Titled Tuesday Blitz"]
[Site "Chess.com"]
[Date "2019.06.04"]
[Round "2"]
[White "Rumpel-VK"]
[Black "tteshan"]
[Result "1-0"]
[WhiteElo "2442"]
[BlackElo "2263"]
[TimeControl "180+2"]
[EndTime "13:22:39 PDT"]
[Termination "Rumpel-VK won by resignation"]

1. e4 c5 2. g3 g6 3. Bg2 Bg7 4. d3 d6 5. f4 Nc6 6. Nf3 Nf6 7. O-O O-O 8. Kh1 e6 9. c3 Nd7 10.
f5 exf5 11. exf5 Nde5 12. Nh4 Re8 13. d4 cxd4 14. cxd4 Nc4 15. fxg6 hxg6 16. Bd5 Be6 17. Bxe6 fxe6 18. Qd3 d5 19. Qxg6 Qe7 20. Bg5 Qd7 21. Bf6 Rf8 22. Nc3 Nxb2 23. Bxg7 Qxg7 24. Qxe6+ Kh8 25. Ng6+ Kh7 26. Nxf8+ Rxf8 27. Nxd5 Nxd4 28. Nf6+ Kg6 29. Qg4+ 1-0

[Event "*** Titled Tuesday Blitz"]
[Site "Chess.com"]
[Date "2019.06.04"]
[Round "2"]
[White "MishkaFighter"]
[Black "wonderfultime"]
[Result "0-1"]
[WhiteElo "2362"]
[BlackElo "3014"]
[TimeControl "180+2"]
[EndTime "13:22:41 PDT"]
[Termination "wonderfultime won by resignation"]

1. d4 d5 2. c4 c6 3. Nf3 Nf6 4. e3 Bf5 5. Nc3 e6 6. Nh4 Be4 7. f3 Bg6 8. Qb3 Qc7 9. Bd2 Be7 10. Nxg6 hxg6 11. Bd3 Nbd7 12. cxd5 cxd5 13. O-O-O Qb6 14. Qa4 a6 15. e4 Qb4 16. Qxb4 Bxb4 17. exd5 Bxc3 18.
bxc3 Nxd5 19. c4 Rc8 20. Kb2 Ne7 21. h3 Nf5 22. d5 Nc5 23. Bc2 Nd6 24. dxe6 Nxc4+ 25. Kc3 Nxe6 26. Be4 Ne3+ 27. Kd3 Nxd1 28. Rxd1 O-O 29. Ke2 Rfe8 30. Kf2 Nc5 31. Bd5 Nd3+ 32. Kg3 Rcd8 33. Bxb7 Nb2 0-1

[Event "*** Titled Tuesday Blitz"]
[Site "Chess.com"]
[Date "2019.06.04"]
[Round "2"]
[White "Slovak_fighter2000"]
[Black "toog"]
[Result "1-0"]
[WhiteElo "2487"]
[BlackElo "2305"]
[TimeControl "180+2"]
[EndTime "13:22:42 PDT"]
[Termination "Slovak_fighter2000 won by resignation"]

1. d4 Nf6 2. Nf3 g6 3. Bf4 Bg7 4. e3 O-O 5. h3 d6 6. Be2 c5 7. c3 Nbd7 8. Nbd2 b6 9. O-O Bb7 10. Bh2 a6 11. a4 Ra7 12. Qb3 Qa8 13. Rfc1 Ne4 14. Nxe4 Bxe4 15. Ne1 Rc8 16. Bf3 c4 17. Qd1 Bxf3 18. Qxf3 b5 19. e4 e5 20. Nc2 Re8 21.
Re1 exd4 22. cxd4 Nf6 23. axb5 axb5 24. Rxa7 Qxa7 25. Bxd6 Qa8 26. Be5 Nxe4 27. Qxe4 Qxe4 28. Rxe4 f6 29. f4 fxe5 30. dxe5 Ra8 31. Nd4 Ra2 32.
Nxb5 Rxb2 33. Nc3 Rb4 34. Nd5 Rb1+ 35. Kf2 Rc1 36. e6 Bf8 37. e7 Bxe7 38. Rxe7 c3 39. Rc7 c2 40. Ne3 1-0

[Event "*** Titled Tuesday Blitz"]
[Site "Chess.com"]
[Date "2019.06.04"]
[Round "2"]
[White "spicycaterpillar"]
[Black "Tacticalon"]
[Result "0-1"]
[WhiteElo "2828"]
[BlackElo "2686"]
[TimeControl "180+2"]
[EndTime "13:22:43 PDT"]
[Termination "Tacticalon won on time"]

1. e4 c6 2. d4 d5 3. e5 Bf5 4.
Nf3 e6 5. Be2 Nd7 6. c3 Ne7 7.
a4 c5 8. Na3 Nc6 9. O-O Rc8 10.
Be3 Be7 11. c4 cxd4 12. Nxd4 Nxd4 13. Bxd4 Bxa3 14. Rxa3 dxc4 15. Bxa7 Nxe5 16. Bd4 Nd3 17. Bxg7 Rg8 18. Bc3 Bh3 19. Bf3 Qg5 20. Bd2 Qg7 21. Bc3 Qg5 22. Bd2 Qg6 23. g3 Bxf1 24. Qxf1 Qf6 25.
Bxb7 Qxb2 26. Bxc8 Qxa3 27. Be3 Qxa4 28. h4 Ke7 29. Bb7 Rb8 30. Be4 Qc2 0-1

[Event "*** Titled Tuesday Blitz"]
[Site "Chess.com"]
[Date "2019.06.04"]
[Round "2"]
[White "witcher8"]
[Black "Zq1"]
[Result "0-1"]
[WhiteElo "2322"]
[BlackElo "2505"]
[TimeControl "180+2"]
[EndTime "13:22:48 PDT"]
[Termination "Zq1 won by checkmate"]

1. e4 c5 2. Nf3 e6 3. d4 cxd4 4. Nxd4 Nc6 5. Nc3 Qc7 6. f4 a6 7.
Nxc6 Qxc6 8. Bd3 b5 9. O-O Bb7 10. a3 Nf6 11. Qe2 b4 12. axb4 Bxb4 13. e5 Bxc3 14.
bxc3 Nd5 15. c4 Nb4 16. Ba3 a5 17. Rfe1 O-O 18. Rad1 f6 19. Rd2 fxe5 20. Qxe5 Rf6 21. Be4 Qc8 22. Bb2 Bxe4 23. Qxe4 Rf7 24. Re3 Qc6 25.
Qd4 Rc8 26. c3 Na6 27. Ba3 Nc5 28. Kh1 Nb3 29. Qd3 Nxd2 30. Qxd2 Qxc4 31. Bd6 Qf1# 0-1

[Event "*** Titled Tuesday Blitz"]
[Site "Chess.com"]
[Date "2019.06.04"]
[Round "2"]
[White "Denis_Palkovich"]
[Black "Warre"]
[Result "0-1"]
[WhiteElo "2233"]
[BlackElo "2364"]
[TimeControl "180+2"]
[EndTime "13:22:52 PDT"]
[Termination "Warre won by resignation"]

1. d4 Nf6 2. Bf4 d5 3. e3 c5 4. c3 Nc6 5. Nd2 Bf5 6. Qb3 Qc8 7. Ngf3 e6 8. Nh4 Be4 9. f3 Bg6 10. Be2 Be7 11. Nxg6 hxg6 12. h3 Nh5 13. Bh2 Bh4+ 14. Kd1 cxd4 15. cxd4 Bg3 16. Bxg3 Nxg3 17. Re1 Qd7 18. Rc1 O-O 19. Nf1 Nf5 20. g4 Nd6 21. Bd3 Rac8 22. Ke2 Rfe8 23. Kf2 Na5 24. Qd1 Rxc1 25.
Qxc1 Rc8 26. Qb1 Qc7 27. b3 Nc6 28. Rc1 Qe7 29. Ng3 Re8 30. Qc2 e5 31. dxe5 Qxe5 32. Qc3 Qxe3+ 33. Kg2 d4 34. Qc2 Nb4 35. Qd1 Nxd3 0-1

[Event "*** Titled Tuesday Blitz"]
[Site "Chess.com"]
[Date "2019.06.04"]
[Round "2"]
[White "pedromartinez91"]
[Black "DamianoLew95"]
[Result "0-1"]
[WhiteElo "2413"]
[BlackElo "2495"]
[TimeControl "180+2"]
[EndTime "13:22:52 PDT"]
[Termination "DamianoLew95 won by checkmate"]

1. e4 c5 2. Nf3 d6 3. Bb5+ Nd7 4. d4 cxd4 5. Qxd4 a6 6. Bxd7+ Bxd7 7. c4 Nf6 8. Nc3 h6 9. O-O e6 10. Qd3 Qc7 11.
a4 Be7 12. b3 O-O 13. Rd1 Rfd8 14. Ba3 Be8 15. Nd4 Rac8 16. Rac1 Bf8 17. Qe2 Qa5 18. h3 Qe5 19. Qe3 Qg5 20. f4 Qa5 21. Nf3 Nd7 22.
Bxd6 Bxd6 23. Rxd6 Nc5 24. Rxd8 Rxd8 25. Nd4 Rxd4 26. Qxd4 Nxb3 27. Qd1 Nxc1 28. Qxc1 Qc5+ 29. Kh2 Qxc4 30. Qb2 Bc6 31. e5 Qxf4+ 32. Kg1 Qxe5 33. Qb4 g6 34. a5 Qe3+ 35. Kh2 Qd2 36. Kg3 g5 37.
Ne4 Qf4# 0-1

[Event "*** Titled Tuesday Blitz"]
[Site "Chess.com"]
[Date "2019.06.04"]
[Round "2"]
[White "albano87"]
[Black "yuki_chess123"]
[Result "1-0"]
[WhiteElo "2182"]
[BlackElo "2151"]
[TimeControl "180+2"]
[EndTime "13:22:55 PDT"]
[Termination "albano87 won by resignation"]

1. Nf3 g6 2. d4 Bg7 3. g3 Nf6 4. Bg2 O-O 5. O-O d6 6. a4 Nbd7 7. Nc3 e5 8. e4 Re8 9. Re1 exd4 10. Nxd4 Nc5 11. h3 a5 12. Bf4 Nh5 13. Be3 Bd7 14. Qd2 Qc8 15. Kh2 Nf6 16. Bg5 Ra6 17. Bh6 Bxh6 18.
Qxh6 Re5 19. Qf4 Rh5 20. Qxf6 Bxh3 21. Nd5 Be6+ 22. Kg1 Bxd5 23. exd5 Ra8 24. Re7 Qf8 25. Rae1 Rc8 26. Bf3 Re5 27. R1xe5 dxe5 28. Qxe5 Ne6 29. Rxe6 fxe6 30. Bg4 h5 31. Qxe6+ 1-0

[Event "*** Titled Tuesday Blitz"]
[Site "Chess.com"]
[Date "2019.06.04"]
[Round "2"]
[White "LarissaSteenbekkers"]
[Black "BillForster"]
[Result "1-0"]
[WhiteElo "1970"]
[BlackElo "1716"]
[TimeControl "180+2"]
[EndTime "13:22:55 PDT"]
[Termination "LarissaSteenbekkers won by checkmate"]

1. e4 c5 2. Nf3 a6 3. c3 e6 4. d4 d5 5. exd5 exd5 6. Bd3 c4 7. Bc2 Nf6 8. Bg5 Be7 9. O-O O-O 10. Re1 Be6 11.
Nbd2 Nbd7 12. Ne5 h6 13. Bh4 Qc7 14. Ndf3 Rfc8 15. Qe2 Nf8 16. Rad1 b5 17. Bb1 b4 18. h3 a5 19. Kh1 a4 20. g4 Bd6 21. g5 hxg5 22. Bxg5 N6h7 23. Bh4 Bxh3 24. Rg1 bxc3 25. bxc3 Rcb8 26. Rg3 Be6 27. Rdg1 g6 28. Nxg6 fxg6 29. Bxg6 Nxg6 30. Qxe6+ Kh8 31. Rxg6 Rg8 32. Bf6+ Nxf6 33. Qxf6+ Kh7 34. Qh4# 1-0

[Event "*** Titled Tuesday Blitz"]
[Site "Chess.com"]
[Date "2019.06.04"]
[Round "2"]
[White "mishanick"]
[Black "PulpanJ"]
[Result "0-1"]
[WhiteElo "3006"]
[BlackElo "2649"]
[TimeControl "180+2"]
[EndTime "13:22:57 PDT"]
[Termination "PulpanJ won by resignation"]

1. d4 Nf6 2. c4 e6 3. Nf3 d5 4. Nc3 c5 5. cxd5 Nxd5 6. e4 Nxc3 7.
bxc3 cxd4 8. cxd4 Bb4+ 9. Bd2 Bxd2+ 10. Qxd2 O-O 11. Bc4 Nd7 12. O-O b6 13. Rfe1 Bb7 14.
Rad1 Rc8 15. Bb3 Re8 16. h3 Nf6 17. Qf4 Nh5 18. Qh2 Nf6 19. Qf4 Nh5 20. Qe3 Nf6 21. Nd2 b5 22. f3 a5 23. a4 bxa4 24. Bxa4 Bc6 25. Ra1 Re7 26. Nb3 Bxa4 27. Rxa4 Rec7 28. Nxa5 Rc3 29. Qf4 Rc2 30. Nb3 Qb6 31. Nc5 Qb2 32.
Qg3 Nh5 33. Qg4 Nf4 34. Qxf4 Rxg2+ 35. Kh1 Qf2 36. Raa1 g5 37. Nd3 gxf4 38. Nxf2 Rxf2 39.
Rg1+ Kf8 40. Raf1 Rcc2 41. Rxf2 Rxf2 42. Rg4 Rxf3 43. Rh4 Rd3 44. d5 f3 45. dxe6 Rd1+ 46. Kh2 f2 47. Rxh7 f1=Q 48. Rxf7+ Qxf7 49. exf7 Re1 50. Kg3 Rxe4 51. Kf3 Ra4 52. Kg3 Kxf7 53. Kf3 Kg6 54.
Kg3 Kh5 0-1

[Event "*** Titled Tuesday Blitz"]
[Site "Chess.com"]
[Date "2019.06.04"]
[Round "2"]
[White "JMatias"]
[Black "TastyFrenchFries"]
[Result "0-1"]
[WhiteElo "2421"]
[BlackElo "2448"]
[TimeControl "180+2"]
[EndTime "13:22:57 PDT"]
[Termination "TastyFrenchFries won by resignation"]

1. c4 Nf6 2. g3 e6 3. Bg2 Be7 4. Nf3 d6 5. O-O c6 6. d4 b6 7. Nc3 Bb7 8. e4 O-O 9. d5 cxd5 10.
cxd5 e5 11. h3 Nbd7 12. Be3 a6 13. b4 Rb8 14. Qd3 Rc8 15. Rfc1 g6 16. a4 Ne8 17. g4 Ng7 18. Bh6 Kh8 19. Qd2 Nf6 20. Be3 Rc4 21. Bf1 Nxe4 22. Nxe4 Rxe4 23. Bd3 Rxe3 24. fxe3 Bxd5 25.
e4 Be6 26. Qc2 f5 27. gxf5 gxf5 28. Qc7 fxe4 29. Qxd8 Rxd8 30. Bxe4 d5 31. Bc2 Bf6 32.
Rab1 e4 33. Nd2 Bxh3 34. Nb3 Nf5 35. Kh2 Bg4 36. Rg1 h5 37. Rbf1 Be5+ 38. Kh1 Ng3+ 39.
Rxg3 Bxg3 40. Kg2 h4 41. Nd4 Kg7 42. Nf5+ Bxf5 43. Rxf5 Kg6 44. Rf1 Rc8 45. Bb1 Kg5 46. Rc1 Rxc1 0-1

[Event "*** Titled Tuesday Blitz"]
[Site "Chess.com"]
[Date "2019.06.04"]
[Round "2"]
[White "platy3"]
[Black "RaphCamora"]
[Result "1-0"]
[WhiteElo "2816"]
[BlackElo "2453"]
[TimeControl "180+2"]
[EndTime "13:23:03 PDT"]
[Termination "platy3 won by resignation"]

1. c4 c6 2. Nf3 Nf6 3. b3 d5 4.
Bb2 g6 5. e3 Bg7 6. Be2 O-O 7.
O-O a5 8. a3 Bf5 9. d3 Nbd7 10.
Nbd2 Re8 11. Nh4 Be6 12. Qc2 Rc8 13. b4 axb4 14. axb4 g5 15. Nhf3 h6 16. Nd4 Bg4 17. Bxg4 Nxg4 18. Nf5 e5 19. h3 Ngf6 20. Nd6 Nf8 21.
Nxc8 Qxc8 22. cxd5 Nxd5 23. Qb3 Ng6 24. b5 Nh4 25.
bxc6 bxc6 26. Ra7 g4 27. g3 gxh3 28. e4 Qg4 29. Qd1 Qxd1 30. Rxd1 Ng6 31. exd5 cxd5 32. Rb7 h5 33. Nf3 e4 34. dxe4 dxe4 35. Ng5 Bxb2 36. Rxb2 e3 37. Nxh3 h4 38. gxh4 Nxh4 39. Re2 exf2+ 40.
Kxf2 Rb8 1-0